 Dungeon Crawl Stone Soup version 0.27.0-1-g7a089689b8 (webtiles) character file.

Game seed: 10068274575160635542

769 hawla the Reanimator (level 7, -21/41 HPs)
             Began as a Deep Elf Necromancer on Aug 1, 2021.
             Was an Initiate of Vehumet.
             Killed by an exploding orc (42 damage)
             ... ignited by their inner flame
             ... on level 5 of the Dungeon.
             The game lasted 00:22:56 (7786 turns).

hawla the Reanimator (Deep Elf Necromancer)         Turns: 7786, Time: 00:22:56

Health: -21/41     AC:  4    Str: 11    XL:     7   Next: 52%
Magic:  18/18      EV: 17    Int: 22    God:    Vehumet [......]
Gold:   176        SH:  0    Dex: 15    Spells: 4/18 levels left

rFire    . . .     SeeInvis .   e - staff of earth
rCold    . . .     Faith    .   (no shield)
rNeg     . . .     Spirit   .   a - +2 robe
rPois    .         Reflect  .   (helmet restricted)
rElec    .         Harm     .   (no cloak)
rCorr    .         Rampage  .   (no gloves)
Will     .....                  (no boots)
Stlth    ++........             p - amulet of the acrobat
HPRegen  0.13/turn              d - +6 ring of strength
MPRegen  0.16/turn              i - +4 ring of evasion

@: no status effects
A: horns 1, talons 1, robust 1
a: Renounce Religion


You were on level 5 of the Dungeon.
You worshipped Vehumet.
Vehumet was noncommittal.
You visited 2 branches of the dungeon, and saw 7 of its levels.

You collected 216 gold pieces.
You spent 40 gold pieces at shops.

Inventory:

Hand Weapons
 k - a +0 dagger of draining
Missiles
 c - 12 boomerangs (quivered)
 m - 8 poisoned darts
Armour
 a - a +2 robe (worn)
Magical Staves
 e - a staff of earth (weapon)
Jewellery
 d - a +6 ring of strength (left hand)
 i - a +4 ring of evasion (right hand)
 p - an amulet of the acrobat (around neck)
Wands
 j - a wand of mindburst (15)
Scrolls
 h - a scroll of teleportation {unknown}
 l - a scroll of holy word {unknown}
 n - 2 scrolls of identify
Potions
 g - a potion of attraction
 o - a potion of curing


   Skills:
 + Level 1.2 Fighting
 + Level 1.7 Staves
 + Level 0.2 Throwing
 + Level 3.2 Dodging
 + Level 3.0 Stealth
 + Level 6.1 Spellcasting
 + Level 8.8 Necromancy
 + Level 1.0 Earth Magic
 + Level 1.0 Evocations


You had 4 spell levels left.
You knew the following spells:

 Your Spells              Type           Power      Damage    Failure   Level
a - Pain                  Necr           100%       1d9       1%          1
b - Animate Skeleton      Necr           90%        N/A       1%          1
c - Animate Dead          Necr           22%        N/A       2%          4
d - Vampiric Draining     Necr           22%        2d9       1%          3
e - Agony                 Necr           45%        N/A       7%          5

Your spell library contained the following spells:

 Spells                   Type           Power      Damage    Failure   Level
 Shock                    Conj/Air       24%        1d4       9%          1
 Gell's Gravitas          Tloc           3%         N/A       26%         3
 Lesser Beckoning         Tloc           3%         N/A       26%         3
 Swiftness                Air            6%         N/A       26%         3
 Teleport Other           Tloc           6%         N/A       26%         3
 Airstrike                Air            3%         N/A       65%         4
 Borgnjor's Vile Clutch   Necr/Erth      21%        N/A       32%         5
 Death Channel            Necr           22%        N/A       36%         6
 Alistair's Intoxication  Tmut/Pois      4%         N/A       94%         5
 Eringya's Noxious Bog    Tmut/Pois      3%         N/A       100%        6


Dungeon Overview and Level Annotations

Branches:
Dungeon (6/15)             Temple (1/1) D:6

Altars:
Dithmenos
Elyvilon
Fedhas
Gozag
Hepliaklqana
Kikubaaqudgha
Makhleb
Okawaru
Ru
Sif Muna
Trog
Vehumet
Wu Jian
Xom
Yredelemnul
The Shining One

Shops:
D:2 *

Annotations:
D:2 1 runed translucent door, Crazy Yiuf
D:4 1 runed translucent door, 0gre's ghost, amateur GnIE


Innate Abilities, Weirdness & Mutations

You have a pair of small horns on your head.
You have sharp toenails.
You are robust. (+10% HP)


Message History

Found a twisted bone ring.
An orc is nearby!
An orc is nearby!
An orc is nearby!
An orc is nearby!
A hound, an orc and an orc wizard come into view.
The orc wizard is wielding a +1 dagger of venom.
There is a large open door here.
The orc wizard shouts!
The orc wizard gestures at you while chanting.
You easily resist.
The orc shouts!
A yak and a two-headed ogre come into view.
The two-headed ogre shouts in stereo!
The yak bellows!
You barely miss the hound. The hound misses you.
The hound pauses to sniff the ground.
The hound bites you.
As you read the scroll labelled RIPSURIUDU, it crumbles to dust.
The creatures around you are filled with an inner flame!
It was a scroll of immolation.
The orc misses you.
The orc hits you from afar with a +0 trident.
The orc wizard closely misses you. The hound closely misses you.
As you read the scroll labelled UNOTZU VAUN, it crumbles to dust.
Your body is wracked with pain!
The orc convulses!
Flame seeps out of the orc.
The two-headed ogre convulses!
Flame seeps out of the two-headed ogre.
The hound convulses!
Flame seeps out of the hound.
The orc wizard convulses!
Flame seeps out of the orc wizard.
The orc convulses!
Flame seeps out of the orc.
The yak convulses!
Flame seeps out of the yak.
It was a scroll of torment.
The hound is engulfed in blazing flames.
Flame seeps out of the hound.
The hound completely misses you.
The two-headed ogre is engulfed in blazing flames.
Flame seeps out of the two-headed ogre.
The orc is engulfed in blazing flames.
Vehumet accepts your kill.
The orc explodes!
The fiery explosion engulfs the hound!!!
Vehumet accepts your kill. The fiery explosion engulfs you!!!
Ouch! That really hurt!
You die...

......... #...... ##
#.......##........ #
..#.......#.........
..........#.........
.........#.........
#.......'........#
##.......'...=.Y..# .
#........#..§§.....
..#........#.@○§O○...
#.........##o○§§.....
#........####.o...... #
###.....## ###....... #
#.^...(..###.##...... #
###.#.........##..... #
##....#..####....
#..........####++######
#..........#
#........###


You could see a two-headed ogre (inner flame), a yak (inner flame), an orc
wizard (inner flame) and an orc (inner flame).

Vanquished Creatures
  A necrophage (D:5)
  3 scorpions
  A hound (D:5)
  An orc priest (D:6)
  A bullfrog skeleton (D:4)
  Jessica (D:2)
  A scorpion zombie (D:5)
  An iguana (D:4)
  4 orc wizards
  6 adders
  A white imp (D:3)
  An ufetubus (D:4)
  2 adder skeletons (D:4)
  4 worms
  14 orcs
  5 bats
  12 endoplasms
  3 giant cockroaches
  9 goblins
  6 hobgoblins
  6 jackals
  4 quokkas
  3 ball pythons
  2 frilled lizards (D:2)
  6 kobolds
  A quokka skeleton (D:4)
  8 rats
107 creatures vanquished.

Vanquished Creatures (collateral kills)
  A black bear (D:5)
  An adder (D:2)
  A ball python (D:1)
3 creatures vanquished.

Vanquished Creatures (others)
  2 fungi (D:2)
2 creatures vanquished.

Grand Total: 112 creatures vanquished

Notes
Turn   | Place    | Note
-------+----------+-------------------------------------------
     0 | D:1      | hawla the Deep Elf Necromancer began the quest for the Orb.
     0 | D:1      | Reached XP level 1. HP: 10/10 MP: 6/6
    38 | D:1      | Learned a level 1 spell: Animate Skeleton
   246 | D:1      | Reached skill level 5 in Necromancy
   282 | D:1      | Reached XP level 2. HP: 6/16 MP: 4/8
   545 | D:1      | Found a faded altar of an unknown god.
   832 | D:1      | You fall into a shaft and drop 1 floor!
  1008 | D:2      | Found an iron altar of Okawaru.
  1108 | D:1      | Reached skill level 1 in Fighting
  1649 | D:2      | Reached XP level 3. HP: 18/20 MP: 2/10
  1760 | D:2      | Found Kiriat's General Store.
  1862 | D:2      | Noticed Jessica
  1873 | D:2      | Killed Jessica
  1874 | D:2      | Reached skill level 6 in Necromancy
  1874 | D:2      | Reached XP level 4. HP: 24/25 MP: 10/12
  1879 | D:2      | Learned a level 4 spell: Animate Dead
  3149 | D:2      | Found a runed translucent door.
  3150 | D:2      | Noticed Crazy Yiuf
  3212 | D:2      | Bought a scroll of identify for 20 gold pieces
  3212 | D:2      | Bought a scroll of identify for 20 gold pieces
  3230 | D:3      | Gained mutation: You are robust. (+10% HP) [potion of
                  | mutation]
  3230 | D:3      | Gained mutation: You have a pair of small horns on your
                  | head. [potion of mutation]
  3230 | D:3      | Gained mutation: You have sharp toenails. [potion of
                  | mutation]
  3621 | D:3      | Reached skill level 7 in Necromancy
  3621 | D:3      | Reached XP level 5. HP: 31/31 MP: 11/13
  3940 | D:3      | Found a hazy altar of Hepliaklqana.
  3968 | D:3      | Found a sacrificial altar of Ru.
  3971 | D:3      | Found an iron altar of Okawaru.
  4730 | D:4      | Found a runed translucent door.
  4732 | D:4      | Noticed 0gre's ghost (amateur GnIE)
  4852 | D:4      | Reached skill level 1 in Earth Magic
  4852 | D:4      | Reached skill level 1 in Evocations
  5189 | D:4      | Reached skill level 1 in Staves
  5189 | D:4      | Reached XP level 6. HP: 16/37 MP: 11/14
  5825 | D:4      | Reached skill level 8 in Necromancy
  6029 | D:5      | Entered Level 5 of the Dungeon
  6352 | D:5      | HP: 1/37 [adder (2)]
  6664 | D:4      | Learned a level 3 spell: Vampiric Draining
  6670 | D:4      | Learned a level 5 spell: Agony
  6773 | D:5      | Reached XP level 7. HP: 41/41 MP: 16/16
  6791 | D:5      | Found an ornate altar of the Wu Jian Council.
  6887 | D:5      | Reached skill level 5 in Spellcasting
  7178 | D:4      | You fall into a shaft and drop 2 floors!
  7211 | D:6      | Found a staircase to the Ecumenical Temple.
  7233 | Temple   | Entered the Ecumenical Temple
  7351 | Temple   | Became a worshipper of Vehumet
  7500 | D:5      | Found a shimmering altar of Xom.
  7783 | D:5      | Noticed a yak
  7783 | D:5      | Noticed a two-headed ogre
  7786 | D:5      | Killed by an exploding orc... ignited by their inner flame

Illustrated notes

Levels and vault maps discovered:
D:1:      lightli_arrival_lavapool, layout_basic, basic_ecumenical_altar
D:2:      layout_rooms, serial_shops, nicolae_shop_crystal, basic_altar,
          minmay_circle_x, uniq_crazy_yiuf_cottage, uniq_jessica
D:3:      layout_loops_cross, grunt_temple_overflow_diamond
D:4:      layout_loops_ring, ebering_ghost_sewer_d
D:5:      kennysheep_big_flooded_room, layout_cave_pools,
          mainiacjoe_overflow_paths, mainiacjoe_overflow_catwalk,
          amcnicky_mini_pool_medium
D:6:      layout_basic, nemelex_diamond_rough_becter,
          minmay_temple_entry_proselytizer
Temple:   jpeg_temple_clearing

Skill      XL: |  1  2  3  4  5  6  7 |
---------------+----------------------+-----
Necromancy     | 5 6 7 8 |  8.8
Fighting       | 1 |  1.2
Spellcasting   | 4 6 |  6.1
Earth Magic    | 1 |  1.0
Evocations     | 1 |  1.0
Staves         | 1 |  1.7
Dodging        | 3 |  3.2
Stealth        | 3 |  3.0
Throwing       | |  0.2

Action                   |  1- 3 |  4- 6 |  7- 9 || total
-------------------------+-------+-------+-------++-------
Melee: Dagger            |     4 |    24 |       ||    28
       Kick              |       |    23 |     1 ||    24
       Headbutt          |       |    11 |       ||    11
       Staff             |       |    52 |     6 ||    58
Throw: Boomerang         |       |     4 |     3 ||     7
 Cast: Pain              |    61 |    94 |    27 ||   182
       Animate Skeleton  |     7 |    10 |       ||    17
       Animate Dead      |       |    11 |     2 ||    13
       Vampiric Draining |       |       |     2 ||     2
Evoke: Wand              |       |       |     2 ||     2
  Use: Potion            |     2 |     6 |       ||     8
       Scroll            |       |     9 |     2 ||    11
 Stab: Sleeping          |       |     3 |       ||     3
Armor: Robe              |     2 |    38 |     8 ||    48
       Skin              |    43 |       |       ||    43
Dodge: Dodged            |    12 |    72 |    15 ||    99
